 Dungeon Crawl Stone Soup version 0.25-a0-504-g768f60da87 (webtiles) character file.

Game seed: 18269236309158258888, levelgen mode: deterministic

218 Crag the Distorting Demonspawn (level 5, -3/42 HPs)
             Began as a Demonspawn Abyssal Knight on Feb 14, 2020.
             Was a Believer of Lugonu.
             Slain by an ogre
             ... wielding a +0 giant club
              (11 damage)
             ... on level 4 of the Dungeon.
             The game lasted 00:10:40 (3598 turns).

Crag the Distorting Demonspawn (DsAK)               Turns: 3598, Time: 00:10:41

Health: -3/42      AC:  3    Str: 13    XL:     5   Next: 63%
Magic:  7/7        EV: 12    Int: 16    God:    Lugonu [**....]
Gold:   141        SH:  4    Dex: 16    Spells: 4/4 levels left

rFire    . . .     SeeInvis .   a - +1 spear
rCold    . . .     Gourm    .   n - +0 buckler (curse)
rNeg     . . .     Faith    .   b - +0 leather armour
rPois    .         Spirit   .   (helmet restricted)
rElec    .         Reflect  .   (no cloak)
rCorr    .         Harm     .   (no gloves)
MR       +....                  (no boots)
Stlth    +.........             (no amulet)
HPRegen  0.14/turn              e - +4 ring of dexterity
MPRegen  0.10/turn              (no ring)

@: no status effects
A: claws 1, horns 2, clever 1, magic resistance 1, evolution 1
a: Depart the Abyss, Bend Space, Renounce Religion


You were on level 4 of the Dungeon.
You worshipped Lugonu.
Lugonu was pleased with you.
You were hungry.

You visited 1 branch of the dungeon, and saw 4 of its levels.
You visited the Abyss 1 time.

You collected 141 gold pieces.

Inventory:

Hand Weapons
 a - a +1 spear (weapon)
Missiles
 h - 115 stones (quivered)
 p - 14 boomerangs
Armour
 b - a +0 leather armour (worn)
 l - a +0 buckler
 n - a cursed +0 buckler (worn)
Jewellery
 e - a +4 ring of dexterity (left claw)
Scrolls
 i - 3 scrolls of immolation {unknown}
 j - 2 scrolls of remove curse {unknown}
 k - 3 scrolls of identify
 m - 2 scrolls of amnesia
 s - a scroll of blinking
Potions
 d - a potion of curing
 f - a potion of degeneration {unknown}
 g - 2 potions of magic
 r - a potion of haste {unknown}
Comestibles
 c - 6 rations
 o - 6 chunks of flesh


   Skills:
 + Level 3.9 Fighting
 + Level 2.6 Polearms
 + Level 2.6 Armour
 + Level 2.1 Dodging
 + Level 1.3 Shields
 + Level 3.9 Invocations


You had 4 spell levels left.
You didn't know any spells.
Your spell library contained the following spells:

 Spells                   Type           Power        Failure   Level  Hunger
 Corona                   Hex            #......      41%         1    ##.....
 Ensorcelled Hibernation  Hex/Ice        #.....       56%         2    ###....
 Confusing Touch          Hex            #.......     80%         3    ####...
 Dazzling Flash           Conj/Hex       #.....       80%         3    ####...
 Tukima's Dance           Hex            #.......     80%         3    ####...


Dungeon Overview and Level Annotations

Branches:
Dungeon (4/15)
 Temple: D:4-7

Altars:
Cheibriados
Dithmenos
Elyvilon
Hepliaklqana
Sif Muna


Innate Abilities, Weirdness & Mutations

You have a pair of horns on your head.
You have sharp fingernails.
Your mind is acute. (Int +2)
You are resistant to hostile enchantments. (MR+)
You evolve.


Message History

The ogre is lightly wounded.
You hit the ogre.
The ogre is lightly wounded.
The ogre barely misses you.
You hit the ogre but do no damage.
The ogre is lightly wounded.
The ogre hits you with a +0 giant club!
You hit the ogre. Your headbutt misses the ogre.
The ogre is moderately wounded.
You completely miss the ogre.
The ogre is moderately wounded.
The ogre hits you with a +0 giant club!
You hit the ogre. You headbutt the ogre!
The ogre is severely wounded.
The ogre hits you with a +0 giant club!
* * * LOW HITPOINT WARNING * * *
You hit the ogre.
The ogre is severely wounded.
The ogre hits you with a +0 giant club!
You die...

##..# ##.## #..##
##)## ##..## #..#
#### ##..###.##
#... #...#..# #...
##..#.## #...
##...#### #...
#####..#..#.##
##..
#.O@...##....# #..
.......##...##...#
#.. .....##
##..##...## #..
.... ##..#....##
#.. ...
#..#.....####. ..
##........###. .
#.........##.
##.....#..###
#.....#...##


You could see an ogre.

Vanquished Creatures
  An ogre (D:4)
  An iguana (D:4)
  A worker ant (D:3)
  4 oozes
  3 dart slugs
  2 giant cockroaches
  11 goblins
  4 hobgoblins
  8 jackals
  A ball python (D:4)
  7 bats
  6 frilled lizards
  A jackal skeleton (D:4)
  8 kobolds
  5 rats
63 creatures vanquished.

Notes
Turn   | Place    | Note
-------+----------+-------------------------------------------
     0 | Abyss:1  | Crag the Demonspawn Abyssal Knight began the quest for the
                  | Orb.
     0 | Abyss:1  | Reached XP level 1. HP: 18/18 MP: 2/2
    36 | Abyss:1  | Found a corrupted altar of Lugonu.
    89 | Abyss:1  | Noticed a worldbinder
    93 | Abyss:1  | Noticed a swamp drake
    93 | Abyss:1  | Noticed a vampire mosquito
   103 | Abyss:1  | Noticed a shadow demon
   105 | Abyss:1  | Noticed a rust devil
   105 | Abyss:1  | Noticed a chaos spawn
   106 | Abyss:1  | Noticed a small abomination
   107 | Abyss:1  | Noticed an insubstantial wisp
   107 | Abyss:1  | Noticed a swamp drake
   107 | Abyss:1  | Noticed a thrashing horror
   108 | Abyss:1  | Noticed an ancient zyme
   108 | Abyss:1  | Noticed a small abomination
   108 | Abyss:1  | Noticed a tentacled starspawn
   109 | Abyss:1  | Noticed a soul eater
   109 | Abyss:1  | Noticed a ynoxinul
   112 | D:1      | Escaped the Abyss
   281 | D:1      | Reached skill level 1 in Dodging
   457 | D:1      | Gained mutation: You have a pair of small horns on your
                  | head. [demonic ancestry]
   457 | D:1      | Reached XP level 2. HP: 24/24 MP: 3/3
   841 | D:1      | Reached * piety under Lugonu
  1084 | D:1      | Reached XP level 3. HP: 26/29 MP: 5/5
  1915 | D:2      | Reached ** piety under Lugonu
  2266 | D:3      | Found a white marble altar of Elyvilon.
  2344 | D:3      | Reached XP level 4. HP: 30/35 MP: 6/6
  2640 | D:3      | Found a shimmering blue altar of Sif Muna.
  2642 | D:3      | Found a shadowy altar of Dithmenos.
  2687 | D:3      | Found a snail-covered altar of Cheibriados.
  2905 | D:3      | Found a hazy altar of Hepliaklqana.
  3127 | D:4      | Gained mutation: You evolve. [potion of mutation]
  3127 | D:4      | Gained mutation: Your mind is acute. (Int +2) [potion of
                  | mutation]
  3127 | D:4      | Gained mutation: You are resistant to hostile enchantments.
                  | (MR+) [potion of mutation]
  3130 | D:4      | Reached skill level 1 in Shields
  3130 | D:4      | Gained mutation: You have sharp fingernails. [evolution]
  3388 | D:4      | Noticed an ogre
  3404 | D:4      | Killed an ogre
  3404 | D:4      | Gained mutation: You have a pair of horns on your head.
                  | [demonic ancestry]
  3404 | D:4      | Reached XP level 5. HP: 25/42 MP: 7/7
  3588 | D:4      | Noticed an ogre
  3598 | D:4      | Slain by an ogre

Levels and vault maps discovered:
D:1:      scummos_arrival_simple_crosswalls, layout_loops_ring
D:2:      layout_loops_corners, kennysheep_generic_room_2
D:3:      layout_loops_ring, nicolae_overflow_crystal_walls,
          nicolae_overflow_hidden_temple, kennysheep_slug_shrine,
          nrook_mini_vaults, minmay_crystal_room
D:4:      layout_cave_pods, gammafunk_ghost_necromancy, first_ration,
          uniq_duvessa

Skill      XL: |  1  2  3  4 |
---------------+-------------+-----
Dodging        | 1 2 |  2.1
Polearms       | 2 |  2.6
Armour         | 2 |  2.6
Invocations    | 3 |  3.9
Shields        | 1 |  1.3
Fighting       | |  3.9

Action                   |  1- 3 |  4- 6 || total
-------------------------+-------+-------++-------
Melee: Spear             |   135 |    72 ||   207
       Headbutt          |    18 |     8 ||    26
Invok: Depart the Abyss  |     1 |       ||     1
  Use: Potion            |     3 |     2 ||     5
       Scroll            |     2 |       ||     2
 Stab: Sleeping          |     4 |     1 ||     5
  Eat: Chunk             |     4 |     4 ||     8
Armor: Leather armour    |    17 |     8 ||    25
Dodge: Dodged            |    57 |    27 ||    84
Block: Buckler           |    10 |     7 ||    17

Table legend:
 A = Non-vault XP
 B = Vault XP
 C = Vault XP percentage of total XP
 D = Non-vault monster count
 E = Vault monster count
 F = Vault count percentage of total count
                 A         B        C        D         E       F
            +---------+---------+-------+---------+---------+-------
      Total |     298 |      14 |   4.5 |      59 |       4 |   6.3
            +---------+---------+-------+---------+---------+-------
        D:1 |      51 |       0 |   0.0 |      32 |       0 |   0.0
        D:2 |      17 |      10 |  37.0 |       9 |       3 |  25.0
        D:3 |      51 |       4 |   7.3 |      11 |       1 |   8.3
        D:4 |     179 |       0 |   0.0 |       7 |       0 |   0.0
            +---------+---------+-------+---------+---------+-------
